 Dungeon Crawl Stone Soup version 0.31-a0-496-g6f97920a28 (webtiles) character file.

Game seed: 9330399384956420686

1365 kae the Changeling (level 8, 0/61 HPs)
             Began as a Pale Draconian Shapeshifter on Aug 8, 2023.
             Killed by divine providence
             ... invoked by an orc priest
              (17 damage)
             ... on level 6 of the Dungeon.
             The game lasted 00:05:04 (6154 turns).

kae the Changeling (Pale Draconian Shapeshifter)    Turns: 6154, Time: 00:05:04

Health: 0/61       AC:  9    Str: 23    XL:     8   Next: 38%
Magic:  8/8        EV: 10    Int:  8    God:
Gold:   226        SH:  0    Dex: 14    Spells: 7/7 levels left

rFire   . .          .
                       - Unarmed
rCold   + . .        (shield currently unavailable)
rNeg    . . .        (body armour unavailable)
rPois   +            (helmet currently unavailable)
rElec   .            (cloak currently unavailable)
rCorr   .            (gloves currently unavailable)
SInv    .            (boots currently unavailable)
Will    .....        (no amulet)
Stlth   +            P - ring of poison resistance
HPRegen 0.30/turn    C - ring of protection from cold
MPRegen 0.11/turn

%: no passive effects
@: snake-form
A: constrict, (breathe steam), AC +6, large, unfitting armour, (cold-blooded),
(steam resistance)
a: Begin Untransformation


You were on level 6 of the Dungeon.
You were an enormous anaconda.
You visited 2 branches of the dungeon, and saw 7 of its levels.

You collected 378 gold pieces.
You spent 152 gold pieces at shops.


Innate Abilities, Weirdness & Mutations

You are an enormous anaconda.
You have a powerful constriction melee attack.
Your armour is entirely melded.
You are incapable of wielding weapons or throwing items.
((You can breathe blasts of scalding, opaque steam.))
((Your pale cyan-grey scales are hard. (AC +6)))
You cannot fit into any form of body armour.
((You are cold-blooded and may be slowed by cold attacks.))
((You are immune to the effects of steam.))


   Skills:
 - Level 1.1 Fighting
 - Level 1.7 Dodging
 + Level 6.6 Unarmed Combat
 * Level 7.7 Shapeshifting


You had 7 spell levels left.
You didn't know any spells.
Your spell library was empty.

Inventory:

Missiles
 f - 5 atropa-tipped darts
 g - 54 stones
 h - 6 curare-tipped darts {=f}
 w - 5 boomerangs
Magical Staves
 j - a staff of death {!a}
   (You found it on level 2 of the Dungeon)
Jewellery
 C - a ring of protection from cold (right hand)
   (You found it on level 5 of the Dungeon)
 P - a ring of poison resistance (left hand)
   (You found it on level 4 of the Dungeon)
 R - a ring of resist corrosion
   (You found it on level 5 of the Dungeon)
 T - an amulet of faith {!P}
   (You took it off a gnoll bouda on level 5 of the Dungeon)
Talismans
 b - a beast talisman
 c - a flux talisman
 A - a serpent talisman (active)
   (You found it on level 6 of the Dungeon)
Wands
 q - a wand of flame (12)
   (You found it on level 3 of the Dungeon)
 u - a wand of mindburst (15)
   (You found it on level 5 of the Dungeon)
Scrolls
 d - 2 scrolls of amnesia
 t - a scroll of torment {!r}
 y - a scroll of enchant armour {unknown}
Potions
 a - a potion of heal wounds {@q2}
 e - 2 potions of might
 i - a potion of resistance
 k - a potion of mutation {unknown}
 l - a potion of magic
 n - 2 potions of enlightenment
 o - 2 potions of haste {unknown}
 p - 2 potions of invisibility {unknown}
 r - 3 potions of curing {@q1}
 s - 2 potions of degeneration {unknown}
 v - a potion of brilliance
 z - a potion of attraction {!q}

Dungeon Overview and Level Annotations

Branches:
Dungeon (6/15) Zot: 26340  Temple (1/1) D:5 Zot: 5001

Altars:
Ashenzari
Cheibriados
Dithmenos
Gozag
Hepliaklqana
Nemelex Xobeh
Okawaru
Sif Muna
Trog
Uskayaw
Vehumet
Xom
Yredelemnul
Zin
The Shining One

Shops:
D:2 ?   D:4 * D:5

! ...#.....# #.....#
...#.....#... #.....#.....#
...#.....+... +.....#.....#
####.....#.... #.....#.....#
.........#.... #.....#.....#
.........#.....#.....#.....#
.........+.....#.....#.....#
.........#.....'.....#..).##
.........# #S....#.)..##
....#'#### #.....#).)..#
....#...# #.....'..)..#
....#...# #.....#)....#
....#...+ #.....#.....#
....#...# #o....#.....#
....#'##########o....#....##
....#...##.......o...#....##
....#....#...........#.....#


You could see an orc priest and 2 orcs.


Message History

The scorpion stings you but does no damage.
The sleepcap closely misses you.
You lash the scorpion! You grab the scorpion. You constrict the scorpion.
The two-headed ogre shouts in stereo!
You hear a shout! x2
The scorpion stings you but does no damage.
A scorpion comes into view.
The sleepcap barely misses you.
There are monsters nearby!
You completely miss the scorpion. You constrict the scorpion.
The scorpion barely misses you. The sleepcap closely misses you.
You hit the scorpion.
You kill the scorpion!
An ufetubus comes into view.
There are monsters nearby! 😕 HP[+2]
You now have 61 max hp (+1).
You regained 2 hp, and now have 59/61 hp.
You closely miss the ufetubus. You grab the ufetubus.
You constrict the ufetubus. The ufetubus barely misses you.
The ufetubus hits you but does no damage.
The sleepcap barely misses you.
The ufetubus hits you but does no damage.
The ufetubus barely misses you.
You barely miss the ufetubus. You constrict the ufetubus.
You kill the ufetubus!
The sleepcap releases spores at you.
There are monsters nearby! 😕 HP[-2]
You take 2 damage, and now have 57/61 hp.
You hit the two-headed ogre but do no damage.
Your grab misses the two-headed ogre.
The two-headed ogre hits you with a +0 giant club!!
The two-headed ogre hits you with a +0 giant club!
* * * LOW HITPOINT WARNING * * *
The sleepcap barely misses you.
You hear a shout!
You are too injured to fight recklessly!
There are monsters nearby!
You are too injured to fight recklessly!
You are too injured to fight recklessly! 😨 HP[-31]
You take 31 damage, and now have 26/61 hp.
MASSIVE DAMAGE!! (PAUSE) Unknown command.
As you read the scroll of teleportation {@r4}, it crumbles to dust.
You feel strangely unstable.
The sleepcap releases spores at you but does no damage.
An orc priest comes into view. It is wielding a +0 flail.
A jelly comes into view.
The orc priest begins to cast a cantrip, but forgets the words! 😨 HP[+1] Unknown command.
The sleepcap attacks as you move away!
The sleepcap releases spores at you but does no damage.
Your surroundings suddenly seem different.
A kobold brigand and a bullfrog come into view.
The kobold brigand is wielding a +0 whip and quivering poisoned darts.
Unknown command.
The two-headed ogre shouts in stereo! 😨 HP[+1]
The kobold brigand throws a poisoned dart.
The poisoned dart hits you. 😨 HP[+1]
The kobold brigand throws a poisoned dart.
The poisoned dart closely misses you.
The kobold brigand throws a poisoned dart.
The poisoned dart hits you! 😨 HP[+1] Unknown command.
An orc priest comes into view. It is wielding a +0 short sword.
An orc comes into view. It is wielding a +0 short sword.
An orc comes into view. It is wielding a +0 short sword.
The orc shouts! x2 😮 HP[+1]
Okay, then.
The orc priest shouts!
The orc priest looks braver for a moment.
The orc priest calls down the wrath of Beogh upon you.
Beogh smites you!
* * * LOW HITPOINT WARNING * * *
😨 HP[-14]
You take 14 damage, and now have 17/61 hp.
MASSIVE DAMAGE!! (PAUSE) 😨 HP[+1]
The orc priest looks encouraged for a moment.
The orc hits you with a +0 short sword.
* * * LOW HITPOINT WARNING * * *
😱 HP[-5]
You take 5 damage, and now have 13/61 hp.
Blink to where?
Press: ? - help, Dir - move target
As you read the scroll of blinking {!r}, it crumbles to dust. 😱 HP[+1] Unknown command. 😱 HP[+1] 😨 HP[+1]
You open the door.
The orc priest calls down the wrath of Beogh upon you.
Beogh smites you!
You die...

Skill      XL: |  1  2  3  4  5  6  7 |
---------------+----------------------+-----
Shapeshifting  | 4 5 7 |  7.7
Unarmed Combat | 4 5 6 |  6.6
Fighting       | |  1.1
Dodging        | |  1.7

Action                     |  1- 3 |  4- 6 |  7- 9 || total
---------------------------+-------+-------+-------++-------
  Melee: Unarmed           |    94 |   149 |    76 ||   319
         Tailslap          |     8 |    14 |     6 ||    28
         Punch             |       |     6 |     1 ||     7
         Constrict         |       |       |     2 ||     2
Ability: Breathe Steam     |       |       |     7 ||     7
    Use: Scroll            |     5 |     5 |     4 ||    14
         Potion            |       |       |     1 ||     1
   Stab: Sleeping          |     2 |     1 |       ||     3
         Distracted        |       |     1 |     1 ||     2
 Armour: Skin              |    21 |    45 |    40 ||   106
  Dodge: Dodged            |    73 |    99 |    57 ||   229
   Form: Anaconda          |       |       |     1 ||     1

Levels and vault maps discovered:
D:1:      heliophobic_arrival_glass_houses, layout_loops_ring,
          dreamdust_ecumenical_altar_drowned_temple, serial_bayou_crossing
D:2:      layout_rooms, serial_shops, shop
D:3:      layout_rooms, mainiacjoe_overflow_tiny_flanked, okawaru_trees_1,
          minivault_26
D:4:      layout_loops_corners, mainiacjoe_overflow_surrounded_room,
          grunt_temple_overflow_opulence, nicolae_shop_fire_sale
          [nicolae_sub_dead_trees], nrook_mini_vaults,
          eino_small_chamber_without_monster, chequers_decorated_corner,
          minmay_liquid_box, minmay_misc_feat_room
D:5:      layout_gridville, mainiacjoe_overflow_paths,
          minmay_temple_entry_slanted, serial_shops, nicolae_shop_stone,
          uniq_duvessa
D:6:      layout_gridville, minmay_circle_x
Temple:   nicolae_temple_cloud_nine

Notes
Turn   | Place    | Note
-------+----------+-------------------------------------------
     0 | D:1      | kae the Draconian Shapeshifter began the quest for the Orb.
     0 | D:1      | Reached XP level 1. HP: 16/16 MP: 1/1
     0 | D:1      | magus.rc [v1.11.3]
   291 | D:1      | Reached XP level 2. HP: 23/23 MP: 2/2
   318 | D:1      | You fall into a shaft and drop 1 floor!
   396 | D:2      | Found Yvveggoem's Magic Scroll Shoppe.
   515 | D:1      | Found a faded altar of an unknown god.
   762 | D:1      | Reached XP level 3. HP: 28/28 MP: 3/3
   995 | D:2      | Bought a scroll of identify for 20 gold pieces
  1420 | D:3      | Reached skill level 4 in Shapeshifting
  1423 | D:3      | Found a broken altar of Ashenzari.
  1440 | D:3      | Reached XP level 4. HP: 31/35 MP: 4/4
  1573 | D:3      | Noticed a phantom
  1590 | D:3      | Killed a phantom
  1591 | D:3      | Reached skill level 4 in Unarmed Combat
  1591 | D:3      | Reached XP level 5. HP: 20/40 MP: 5/5
  1894 | D:3      | Found an iron altar of Okawaru.
  2064 | D:4      | Found Roolucim's Fire Supplies.
  2147 | D:4      | Reached skill level 5 in Shapeshifting
  2240 | D:4      | Reached XP level 6. HP: 35/47 MP: 6/6
  2359 | D:4      | Found a bloodstained altar of Trog.
  2558 | D:4      | Found an opulent altar of Gozag.
  2558 | D:4      | Found a sparkling altar of Nemelex Xobeh.
  2757 | D:4      | Identified the +2 robe of Shielding {Int+5}
  3458 | D:5      | Entered Level 5 of the Dungeon
  3488 | D:5      | Found a staircase to the Ecumenical Temple.
  3496 | D:5      | Reached skill level 5 in Unarmed Combat
  3516 | Temple   | Entered the Ecumenical Temple
  3533 | D:5      | Your scales start taking on a pale cyan-grey colour.
  3533 | D:5      | Reached XP level 7. HP: 43/52 MP: 7/7
  3533 | D:5      | Gained mutation: You are immune to the effects of steam.
                  | [Pale Draconian growth]
  3544 | D:5      | Reached skill level 6 in Shapeshifting
  3553 | D:5      | Noticed Duvessa
  3554 | D:5      | Noticed Dowan
  4897 | D:5      | Killed Dowan
  4908 | D:5      | Killed Duvessa
  4909 | D:5      | Reached skill level 6 in Unarmed Combat
  5009 | D:5      | Found a glowing golden altar of the Shining One.
  5205 | D:5      | Reached skill level 7 in Shapeshifting
  5319 | D:5      | Found Igeturin's Distillery.
  5322 | D:5      | Bought a potion of curing for 36 gold pieces
  5322 | D:5      | Bought a potion of heal wounds for 60 gold pieces
  5322 | D:5      | Bought a potion of attraction for 36 gold pieces
  5427 | D:5      | Reached XP level 8. HP: 59/59 MP: 8/8
  6113 | D:6      | Noticed a two-headed ogre
  6142 | D:6      | HP: 13/61 [orc/+0 short sword (5)]
  6154 | D:6      | Killed from afar by an orc priest

Vanquished Creatures
  Duvessa (D:5)
  A black bear (D:6)
  An ogre (D:5)
  A centaur (D:5)
  A phantom (D:3)
  A kobold brigand (D:6)
  A gnoll sergeant (D:6)
  2 scorpions
  3 wights (D:5)
  Dowan (D:5)
  2 hounds (D:4)
  A gnoll bouda (D:5)
  2 iguanas
  2 orc wizards (D:4)
  8 adders
  9 gnolls
  A white imp (D:6)
  4 ufetubi
  3 worms
  3 dart slugs
  15 orcs
  10 ball pythons
  4 endoplasms
  A giant cockroach (D:4)
  8 goblins
  3 hobgoblins
  6 jackals
  7 kobolds
  6 quokkas
  9 bats
  2 frilled lizards
119 creatures vanquished.

Table legend:
 A = Non-vault XP
 B = Vault XP
 C = Vault XP percentage of total XP
 D = Non-vault monster count
 E = Vault monster count
 F = Vault count percentage of total count
                 A         B        C        D         E       F
            +---------+---------+-------+---------+---------+-------
      Total |    1648 |     303 |  15.5 |     115 |       4 |   3.4
            +---------+---------+-------+---------+---------+-------
        D:1 |      26 |       0 |   0.0 |      13 |       0 |   0.0
        D:2 |      60 |       0 |   0.0 |      18 |       0 |   0.0
        D:3 |     223 |       0 |   0.0 |      27 |       0 |   0.0
        D:4 |     261 |       0 |   0.0 |      29 |       0 |   0.0
        D:5 |     649 |     207 |  24.2 |      16 |       2 |  11.1
        D:6 |     429 |      96 |  18.3 |      12 |       2 |  14.3
            +---------+---------+-------+---------+---------+-------

Skill      XL: |  1  2  3  4  5  6  7 |
---------------+----------------------+-----
Shapeshifting  | 4 5 7 |  7.7
Unarmed Combat | 4 5 6 |  6.6
Fighting       | |  1.1
Dodging        | |  1.7

Action                     |  1- 3 |  4- 6 |  7- 9 || total
---------------------------+-------+-------+-------++-------
  Melee: Unarmed           |    94 |   149 |    76 ||   319
         Tailslap          |     8 |    14 |     6 ||    28
         Punch             |       |     6 |     1 ||     7
         Constrict         |       |       |     2 ||     2
Ability: Breathe Steam     |       |       |     7 ||     7
    Use: Scroll            |     5 |     5 |     4 ||    14
         Potion            |       |       |     1 ||     1
   Stab: Sleeping          |     2 |     1 |       ||     3
         Distracted        |       |     1 |     1 ||     2
 Armour: Skin              |    21 |    45 |    40 ||   106
  Dodge: Dodged            |    73 |    99 |    57 ||   229
   Form: Anaconda          |       |       |     1 ||     1

Illustrated notes

Table legend:
 A = Kills in this place as a percentage of kills in the entire game.
 B = Kills by you in this place as a percentage of kills by you in the entire game.
 C = Kills by friends in this place as a percentage of kills by friends in the entire game.
 D = Other kills in this place as a percentage of other kills in the entire game.
 E = Experience gained in this place as a percentage of experience gained in the entire game.
 F = Experience gained in this place divided by the number of levels of this place that you have seen.
                   A       B       C       D       E      F
               +-------+-------+-------+-------+-------+----------------------
         Total | 100.0 | 100.0 |   N/A |   N/A | 100.0 | 278.7
       Dungeon | 100.0 | 100.0 |   N/A |   N/A | 100.0 | 325.2
               +-------+-------+-------+-------+-------+----------------------

Table legend: (Time is in decaauts)
 A = Elapsed time spent in this place.
 B = Non-inter-level travel time spent in this place.
 C = Inter-level travel time spent in this place.
 D = Time resting spent in this place.
 E = Time spent auto-exploring this place.
 F = Levels seen in this place.
 G = Mean time per level.
                   A        B        C        D        E       F      G
               +--------+--------+--------+--------+--------+-----+--------+
         Total |   6143 |   5985 |    158 |   1397 |   3788 |   7 |  877.6 |
       Dungeon |   5145 |   4987 |    158 |    418 |   3781 |   6 |  857.5 |
        Temple |    998 |    998 |      0 |    979 |      7 |   1 |  998.0 |
               +--------+--------+--------+--------+--------+-----+--------+

Top non-repeatable levels by time:
     D:4: 1398 daAuts
     D:5: 1030 daAuts
  Temple: 998 daAuts
     D:1: 832 daAuts
     D:6: 658 daAuts
     D:3: 641 daAuts
     D:2: 584 daAuts
